 Dungeon Crawl Stone Soup version 0.32-a0-119-g2e8054a333 (webtiles) character file.

Game seed: 5945851278523748439

85263 seren the Mimic (level 15, -1/115 HPs)
             Began as a Demonspawn Shapeshifter on Feb 6, 2024.
             Was a High Priest of Wu Jian.
             Slain by Aizul (7 damage)
             ... on level 2 of the Shoals.
             The game lasted 01:16:31 (25151 turns).

seren the Mimic (Demonspawn Shapeshifter)          Turns: 25151, Time: 01:16:32

Health: -1/115     AC: 20    Str: 18    XL:     15   Next: 37%
Magic:  15/15      EV: 20    Int:  6    God:    Wu Jian [*****.]
Gold:   796        SH:  9    Dex: 11    Spells: 11/14 levels left

rFire   . .          .
                       - Unarmed
rCold   + . .        D - melded +0 buckler
rNeg    . . .        f - +2 chain mail {Will+}
rPois   +            B - +0 helmet
rElec   +            k - +1 cloak
rCorr   .            E - melded +2 pair of gloves
SInv    .            v - +2 pair of boots
Will    +++++        g - amulet "Ciamot" {Reflect rElec Will+++ Int-5 Dex-5 SH+5} Stlth
                     y - ring of poison resistance
HPRegen 0.39/turn    I - +4 ring of slaying
MPRegen 0.14/turn

%: reflection
@: mighty, lethally poisoned (-1 -> -17), exhausted, blade hands, in a heavenly
storm, glowing, studying 2 skills
A: icy blue scales 3, foul stench 2, condensation shield, demonic touch 2
a: Begin Untransformation, Renounce Religion, Wall Jump, Serpent's Lash,
Heavenly Storm


You were on level 2 of the Shoals.
You worshipped Wu Jian.
Wu Jian was extremely pleased with you.
You had blades for hands.
You visited 5 branches of the dungeon, and saw 20 of its levels.

You collected 2748 gold pieces.
You spent 1952 gold pieces at shops.

Inventory:

Missiles
 H - 4 throwing nets {!f}
 N - 6 curare-tipped darts
 O - 12 poisoned darts
 P - 5 datura-tipped darts
Armour
 f - a +2 chain mail of willpower (worn)
 k - a +1 cloak (worn)
 v - a +2 pair of boots (worn)
 B - a +0 helmet (worn)
 D - a +0 buckler (melded)
 E - a +2 pair of gloves (melded)
Jewellery
 g - the amulet "Ciamot" (around neck) {Reflect rElec Will+++ Int-5 Dex-5 SH+5}
   (You acquired it on level 5 of the Dungeon)

   [amulet of reflection]

   Reflect:   It reflects blocked missile attacks.
   Int-5:     It affects your intelligence (-5).
   Dex-5:     It affects your dexterity (-5).
   rElec:     It insulates you from electricity.
   Will+++:   It greatly increases your willpower.
   SH+5:      It affects your SH (+5).
 y - a ring of poison resistance (left blade hand)
 I - a +4 ring of slaying (right blade hand)
 J - a ring of resist corrosion
 U - an amulet of the acrobat
Talismans
 d - a flux talisman
 Q - a maw talisman
 V - a blade talisman (active)
Wands
 m - a wand of polymorph (6)
 u - a wand of light (11)
 A - a wand of charming (19)
 G - a wand of mindburst (10)
 T - a wand of flame (11) (quivered)
 Y - a wand of iceblast (5)
Scrolls
 e - 5 scrolls of identify
 l - 4 scrolls of fog
 r - 2 scrolls of revelation
 t - 5 scrolls of immolation
 w - 6 scrolls of teleportation {!r}
 z - 3 scrolls of noise
 K - a scroll of silence {unknown}
 L - a scroll of poison
 S - 2 scrolls of vulnerability {unknown}
 W - 2 scrolls of enchant weapon {unknown}
 Z - 2 scrolls of blinking {unknown}
Potions
 a - a potion of resistance {unknown}
 b - 2 potions of lignification
 i - 4 potions of enlightenment
 j - 2 potions of might
 n - 3 potions of magic
 p - 2 potions of mutation {unknown}
 C - a potion of cancellation
 F - 4 potions of ambrosia
 M - a potion of haste
 R - 3 potions of brilliance


   Skills:
 - Level 10.0 Fighting
 - Level 12.0 Armour
 - Level 10.0 Dodging
 - Level 5.0 Shields
 + Level 12.6 Unarmed Combat
 - Level 10.0 Evocations
 + Level 12.7 Shapeshifting


You had 11 spell levels left.
You knew the following spells:

 Your Spells              Type           Power      Damage    Failure   Level
a - Apportation           Tloc           0%         N/A       96%         1
b - Blink                 Tloc           0%         N/A       99%         2

Your spell library contained the following spells:

 Spells                   Type           Power      Damage    Failure   Level
 Foxfire                  Conj/Fire      0%         2x1d4     96%         1
 Magic Dart               Conj           0%         1d3       96%         1
 Necrotise                Necr           0%         1d4       96%         1
 Call Imp                 Summ           0%         N/A       99%         2
 Cigotuvi's Dreadful Rot  Necr/Alch/Air  0%         N/A       99%         2
 Ensorcelled Hibernation  Hex/Ice        0%         N/A       99%         2
 Jinxbite                 Hex            0%         N/A       99%         2
 Searing Ray              Conj           0%         2d4       99%         2
 Dazzling Flash           Conj/Hex       0%         N/A       100%        3
 Fugue of the Fallen      Necr           0%         N/A       100%        3
 Mephitic Cloud           Conj/Alch/Air  0%         N/A       100%        3
 Ozocubu's Armour         Ice            0%         N/A       100%        3
 Passwall                 Erth           0%         N/A       100%        3
 Swiftness                Air            0%         N/A       100%        3
 Tukima's Dance           Hex            0%         N/A       100%        3
 Vampiric Draining        Necr           0%         2d6       100%        3
 Cause Fear               Hex            0%         N/A       100%        4
 Dimensional Bullseye     Hex/Tloc       0%         N/A       100%        4
 Dispel Undead            Necr           0%         3d6       100%        4
 Fulminant Prism          Conj/Alch      0%         3d5       100%        4
 Iskenderun's Mystic Bla  Conj/Tloc      0%         2d3       100%        4
 Manifold Assault         Tloc           0%         N/A       100%        4
 Martyr's Knell           Necr/Summ      0%         N/A       100%        4
 Alistair's Intoxication  Alch           0%         N/A       100%        5
 Borgnjor's Vile Clutch   Necr/Erth      0%         N/A       100%        5
 Curse of Agony           Necr           0%         N/A       100%        5
 Fireball                 Conj/Fire      0%         3d3       100%        5
 Iskenderun's Battlesphe  Conj           0%         2d6       100%        5
 Silence                  Hex/Air        0%         N/A       100%        5
 Bombard                  Conj/Erth      0%         9d1       100%        6
 Death Channel            Necr           0%         N/A       100%        6
 Eringya's Noxious Bog    Alch           0%         4d6       100%        6
 Plasma Beam              Fire/Air       0%         2x1d10    100%        6
 Starburst                Conj/Fire      0%         6d3       100%        6
 Spellforged Servitor     Conj/Summ      0%         N/A       100%        7
 Dragon's Call            Summ           0%         N/A       100%        9


Dungeon Overview and Level Annotations

Branches:
Dungeon (10/15)            Temple (1/1) D:5            Lair (5/5) D:9
 Shoals (2/4) Lair:2       Spider (0/4) Lair:3        Slime (0/5) Lair:4
    Orc (2/2) D:9             Elf (0/3) Orc:2

Altars:
Ashenzari
Cheibriados
Dithmenos
Fedhas
Gozag
Hepliaklqana
Kikubaaqudgha
Makhleb
Nemelex Xobeh
Okawaru
Qazlal
Ru
Sif Muna
Trog
Uskayaw
Vehumet
Wu Jian
Xom
Yredelemnul
Jiyva

Shops:
D:3 :   D:4 :   Orc:2 [*!

Annotations:
D:10 Josephine
Lair:1 4 runed translucent doors, exclusion: door, Rupert; bmj180's ghost, journeyman HuCj
Lair:3 3 runed translucent doors, exclusion: orb spider, Mustrin's ghost, adept OpCA
Shoals:2 Aizul; Ilsuiw


Innate Abilities, Weirdness & Mutations

You have blades for hands.
You are incapable of wielding weapons or throwing items.
You are completely covered in icy blue scales. (AC +4, rC+)
You sometimes emit foul miasma when damaged in melee.
A meltable shield of frost defends you. (SH +4)
Your touch may inflict irresistible damage on your foes.


Message History

Aizul misses you.
Aizul coils herself and waves her upper body at you.
The bolt of poison hits you. You resist.
* * * LOW HITPOINT WARNING * * *
You spin and attack Aizul.
You hit Aizul.
You touch Aizul!
Aizul is severely wounded.
You feel sick.
Aizul screams, "I'll haunt your nightmares!"
Aizul coils herself and waves her upper body at you.
The bolt of poison hits you!
You are more poisoned.
You resist.
* * * LOW HITPOINT WARNING * * *
You spin and attack Aizul.
You slice Aizul!!
Aizul is severely wounded.
You feel extremely sick. Aizul completely misses you. Aizul hits you!
* * * LOW HITPOINT WARNING * * *
You feel better. Aizul casts a spell at you. The bolt of poison hits you.
You resist.
* * * LOW HITPOINT WARNING * * *
You spin and attack Aizul.
You closely miss Aizul.
Aizul is severely wounded.
Aizul casts a spell at you. The bolt of poison hits you!
You are poisoned.
You resist.
* * * LOW HITPOINT WARNING * * *
Aizul hits you!
* * * LOW HITPOINT WARNING * * *
Aiming: Mindburst
Press: ? - help, Shift-Dir - straight line, f - Aizul
Aim: Aizul (golden dust, severely wounded, poisoned, haloed, chance to affect: 16%)
Okay, then.
You feel very mighty all of a sudden.
* * * LOW HITPOINT WARNING * * *
You feel very sick. Aizul hits you!
You die...

##...~~~~~.)~..~≈~~~~~.....~
##..~~~~~~~...~~~~~..~....~
###.~~.....#.~~~~~.....~~~
#....###...~~~~~......~~
##.....##..~~~~~~...~.~~≈
..~.......~☼~~~~~~ ~≈≈
.~~....☼☼☼○°~~~~~~
~~...###☼○☼~~~~~..
~~...○##@§☼~~~...
~~~~.○☼○S○☼~....#
~~~~.°°§°§☼☼....#
~~~.~○[○○○☼○..#..
~~~~~~..~~~~..###
~~~~~~~..~~~~...
...~~~.......#.##
##.~~......###.# #.~~~.....#
.


You could see Aizul (poisoned).

Vanquished Creatures
  Jorgrun (Shoals:2)
  A dire elephant (Lair:2)
  An ice dragon (Lair:5)
  4 ogre magi (Orc:2)
  14 two-headed ogres
  An orc high priest (Orc:1)
  Sonja (D:10)
  2 skysharks
  Amaemon (Lair:3)
  2 sea snakes
  2 lindwurms (Lair:5)
  A wolf spider (Lair:5)
  6 fauns (Shoals:1)
  4 orc knights
  5 harpies (Shoals:1)
  A cyclops (Shoals:1)
  3 merfolk sirens
  4 kobold blastminers
  A guardian serpent (Lair:5)
  5 torpor snails (Lair:5)
  36 elephants
  8 black mambas
  An orange demon (Lair:3)
  Maggie (D:6)
  18 cane toads
  3 rime drakes
  12 komodo dragons
  6 merfolk
  A polar bear (Lair:2)
  3 trolls
  10 hornets
  2 wind drakes
  3 tyrant leeches (Lair:5)
  9 blink frogs
  Prince Ribbit (D:8)
  14 dream sheep
  3 snapping turtles
  A shadow (D:9)
  A spriggan (Lair:2)
  47 yaks
  11 wyverns
  4 wargs
  A water elemental (Lair:2)
  A human (Lair:1)
  2 basilisks
  A steam dragon (Lair:4)
  4 redbacks (Lair:5)
  5 vampire mosquitoes
  Menkaure (D:6)
  17 water moccasins
  4 sky beasts
  12 orc warriors
  5 black bears
  30 ogres
  5 wolves
  2 centaurs
  2 kobold brigands (D:8)
  16 bullfrogs
  2 gnoll sergeants
  6 scorpions
  10 wights
  10 killer bees
  2 vampire bats (Orc:1)
  4 howler monkeys
  An electric eel (Lair:2)
  A gnoll bouda (D:6)
  9 hounds
  8 orc priests
  2 bombardier beetles (D:5)
  4 jellies
  A sleepcap (D:5)
  5 iguanas
  Ijyb (D:3)
  11 orc wizards
  4 hell rats
  11 adders
  11 gnolls
  5 shadow imps
  2 white imps
  3 ufetubi (D:6)
  3 dart slugs
  2 ribbon worms
  54 orcs
  4 endoplasms
  A giant cockroach (D:1)
  7 goblins
  5 hobgoblins
  5 jackals
  5 quokkas
  2 ball pythons
  9 bats
  3 frilled lizards
  18 kobolds
594 creatures vanquished.

Vanquished Creatures (others)
  5 tentacles (Shoals:1)
5 creatures vanquished.

Grand Total: 599 creatures vanquished

Notes
Turn   | Place    | Note
-------+----------+-------------------------------------------
     0 | D:1      | seren the Demonspawn Shapeshifter began the quest for the
                  | Orb.
     0 | D:1      | Reached XP level 1. HP: 15/15 MP: 1/1
   489 | D:1      | Gained mutation: A meltable shield of frost defends you.
                  | (SH +4) [demonic ancestry]
   489 | D:1      | Reached XP level 2. HP: 19/21 MP: 2/2
   845 | D:2      | Reached XP level 3. HP: 7/27 MP: 3/3
  1283 | D:2      | Gained mutation: You are partially covered in icy blue
                  | scales. (AC +2) [demonic ancestry]
  1283 | D:2      | Reached XP level 4. HP: 16/33 MP: 4/4
  1626 | D:2      | Identified the +0 chain mail of Privacy {rC- rN+ Dex+6}
  1766 | D:3      | Noticed Ijyb
  1863 | D:3      | Killed Ijyb
  1992 | D:3      | Found Xesim's Book Emporium.
  2020 | D:3      | Found a sacrificial altar of Ru.
  2520 | D:4      | Noticed a black bear
  2658 | D:4      | Killed a black bear
  2659 | D:4      | Gained mutation: You may rarely emit foul miasma when
                  | damaged in melee. [demonic ancestry]
  2659 | D:4      | Reached XP level 5. HP: 34/39 MP: 5/5
  2711 | D:4      | Reached skill level 1 in Armour
  2875 | D:4      | Gained mutation: Your touch may inflict minor irresistible
                  | damage on your foes. [demonic ancestry]
  2875 | D:4      | Reached XP level 6. HP: 42/46 MP: 6/6
  3138 | D:4      | Found Yleovvodd's Vocational Training.
  3185 | D:4      | Found a shimmering blue altar of Sif Muna.
  3464 | D:5      | Entered Level 5 of the Dungeon
  3531 | D:5      | Found a staircase to the Ecumenical Temple.
  3588 | Temple   | Entered the Ecumenical Temple
  3588 | Temple   | Noticed a Hell Sentinel
  3588 | Temple   | Noticed a shadow demon
  3588 | Temple   | Noticed a hellion
  3589 | Temple   | Noticed Ruid the pandemonium lord
  3589 | Temple   | Noticed a hellwing
  3589 | Temple   | Noticed Xuvep the pandemonium lord
  3589 | Temple   | Noticed a chaos spawn
  3589 | Temple   | Noticed a rust devil
  3662 | D:5      | Noticed a water moccasin
  3681 | D:5      | Killed a water moccasin
  3682 | D:5      | Reached XP level 7. HP: 46/52 MP: 7/7
  3800 | D:5      | Reached skill level 5 in Unarmed Combat
  4550 | D:5      | Gained mutation: Your touch may inflict irresistible damage
                  | on your foes. [demonic ancestry]
  4550 | D:5      | Reached XP level 8. HP: 46/60 MP: 8/8
  4892 | D:6      | Reached skill level 5 in Shapeshifting
  5023 | D:5      | Identified a scroll of acquirement
  5026 | D:5      | Acquired the amulet "Ciamot" {Reflect rElec Will+++ Int-5
                  | Dex-5 SH+5}
  5119 | D:6      | Noticed Maggie
  5184 | D:6      | Reached skill level 1 in Shields
  5184 | D:6      | Reached skill level 1 in Evocations
  5500 | D:6      | Noticed Menkaure
  5871 | D:7      | Gained mutation: You sometimes emit foul miasma when
                  | damaged in melee. [demonic ancestry]
  5871 | D:7      | Reached XP level 9. HP: 66/66 MP: 9/9
  6068 | D:7      | Reached skill level 5 in Fighting
  6309 | D:7      | Reached skill level 5 in Dodging
  6830 | D:8      | Noticed Prince Ribbit
  6856 | D:8      | Killed Prince Ribbit
  6927 | D:6      | Killed Maggie
  7034 | D:6      | Killed Menkaure
  7229 | D:6      | Gained mutation: You are mostly covered in icy blue scales.
                  | (AC +3) [demonic ancestry]
  7229 | D:6      | Reached XP level 10. HP: 45/74 MP: 10/10
  7522 | D:6      | Noticed Edmund
  7524 | D:6      | Edmund changed into Edmund the hound
  7524 | D:6      | Noticed Edmund
  7536 | D:6      | Killed Edmund the hound
  7576 | D:6      | Found an ornate altar of the Wu Jian Council.
  7832 | D:6      | Became a worshipper of the Wu Jian Council
  8251 | D:7      | Reached skill level 5 in Armour
  8345 | D:8      | Reached * piety under Wu Jian
  9127 | D:3      | Bought a manual of Armour for 960 gold pieces
  9355 | D:9      | Found a broken altar of Ashenzari.
  9545 | D:9      | Found a staircase to the Orcish Mines.
  9717 | D:9      | Found a hide-covered altar of Uskayaw.
  9804 | D:9      | Reached skill level 5 in Evocations
  9854 | D:9      | Found a blossoming altar of Fedhas.
 10055 | D:9      | Found a staircase to the Lair.
 10349 | D:10     | Entered Level 10 of the Dungeon
 10349 | D:10     | Noticed a white ugly thing
 10381 | Lair:1   | Entered Level 1 of the Lair of Beasts
 10381 | Lair:1   | Noticed a cane toad
 10395 | Lair:1   | Killed a cane toad
 10504 | Lair:1   | Reached XP level 11. HP: 77/79 MP: 11/11
 10810 | D:10     | Noticed Sonja
 10849 | D:10     | Killed Sonja
 10849 | D:10     | Reached ** piety under Wu Jian
 10960 | D:10     | Noticed Maurice
 10962 | D:10     | Reached skill level 5 in Shields
 10996 | D:10     | Maurice changed into Maurice the hornet
 10996 | D:10     | Noticed Maurice
 11009 | D:10     | Paralysed by Maurice for 3 turns
 11012 | D:10     | Killed Maurice the hornet
 11202 | D:10     | Noticed Josephine
 11895 | Lair:1   | Found a runed translucent gate.
 11898 | Lair:1   | Found a runed translucent gate.
 11898 | Lair:1   | Found a runed translucent gate.
 11899 | Lair:1   | Noticed a 12-headed hydra
 11899 | Lair:1   | Noticed bmj180's ghost (journeyman HuCj)
 11901 | Lair:1   | Noticed a ten-headed hydra
 12284 | Lair:1   | Found a runed translucent door.
 12295 | Lair:1   | Noticed Rupert
 12638 | Lair:2   | Reached XP level 12. HP: 74/89 MP: 12/12
 12814 | Lair:2   | Noticed a dire elephant
 13184 | Lair:2   | Reached *** piety under Wu Jian
 13396 | Lair:2   | Killed a dire elephant
 13397 | Lair:2   | Reached skill level 10 in Armour
 13450 | Lair:2   | Reached skill level 10 in Shapeshifting
 14290 | Lair:2   | Found a staircase to the Shoals.
 14528 | Lair:3   | Gained mutation: You are completely covered in icy blue
                  | scales. (AC +4, rC+) [demonic ancestry]
 14528 | Lair:3   | Reached XP level 13. HP: 96/96 MP: 13/13
 14776 | Lair:3   | Reached skill level 10 in Unarmed Combat
 14828 | Lair:3   | Noticed Amaemon
 14845 | Lair:3   | Killed Amaemon
 15004 | Lair:3   | Found a hole to the Spider Nest.
 15036 | Lair:3   | Found a runed translucent gate.
 15036 | Lair:3   | Found a runed translucent gate.
 15036 | Lair:3   | Found a runed translucent gate.
 15039 | Lair:3   | Noticed Mustrin's ghost (adept OpCA)
 15053 | Lair:3   | Found a viscous altar of Jiyva.
 15792 | Lair:4   | Reached **** piety under Wu Jian
 15849 | Lair:4   | Found a staircase to the Slime Pits.
 15981 | Lair:4   | Found a viscous altar of Jiyva.
 16743 | Lair:5   | Entered Level 5 of the Lair of Beasts
 18168 | Lair:5   | Reached XP level 14. HP: 101/106 MP: 14/14
 18328 | Lair:5   | Reached ***** piety under Wu Jian
 19409 | Lair:5   | Learned a level 1 spell: Apportation
 19412 | Lair:5   | Learned a level 2 spell: Blink
 20244 | D:4      | Bought a manual of Evocations for 880 gold pieces
 20373 | Orc:1    | Entered Level 1 of the Orcish Mines
 20559 | Orc:2    | Entered Level 2 of the Orcish Mines
 20615 | Orc:2    | Found a staircase to the Elven Halls.
 21546 | Orc:2    | HP: 2/109 [orc knight/+0 dire flail (14)]
 21862 | Orc:2    | Reached skill level 10 in Dodging
 22168 | Orc:2    | Reached ****** piety under Wu Jian
 22261 | Orc:2    | Reached skill level 10 in Fighting
 22395 | Orc:2    | Reached XP level 15. HP: 79/115 MP: 15/15
 22591 | Orc:2    | Found Motue's Jewellery Emporium.
 22591 | Orc:2    | Found Raesm's Assorted Antiques.
 22592 | Orc:2    | Found Vulupt's Antique Armour Shop.
 22592 | Orc:2    | Found Plog's Distillery.
 22603 | Orc:2    | Bought a potion of might for 64 gold pieces
 22603 | Orc:2    | Bought a potion of curing for 48 gold pieces
 22952 | Shoals:1 | Entered Level 1 of the Shoals
 24189 | Shoals:1 | Noticed a kraken
 24514 | Shoals:2 | Reached skill level 10 in Evocations
 24561 | Shoals:2 | Noticed Ilsuiw
 25132 | Shoals:2 | Noticed Jorgrun
 25138 | Shoals:2 | Identified the serpent talisman "Hero's Friend" {rElec}
 25138 | Shoals:2 | Noticed Aizul
 25141 | Shoals:2 | Killed Jorgrun
 25151 | Shoals:2 | Slain by Aizul

Illustrated notes

Levels and vault maps discovered:
D:1:      saegor_arrival_simple_b, layout_loops_ring, kennysheep_boxes
D:2:      minmay_wonky_spiral, layout_rooms
D:3:      layout_basic, nicolae_ru_sacrificial_ziggurat, serial_shops, shop,
          uniq_ijyb
D:4:      layout_basic, mainiacjoe_overflow_alcove_1, kennysheep_little_box,
          nicolae_shop_vocational
D:5:      cheibrodos_barr_body, layout_loops_corners, minmay_temple_entry_grid
D:6:      minmay_polygon_palace, layout_loops_ring,
          pdpol_wu_jian_five_deadly_venoms, uniq_menkaure, uniq_edmund,
          uniq_maggie
D:7:      layout_basic
D:8:      layout_rooms, uniq_prince_ribbit1
D:9:      layout_loops_ring, lemuel_round_altar,
          mainiacjoe_overflow_cross_hatched, lemuel_tele_altar,
          david_lair_shrubbed, minmay_orc_entry_guard_dogs
D:10:     layout_loops_cross, uniq_maurice, uniq_josephine, uniq_sonja
Temple:   nicolae_temple_panitentiary
Lair:1:   layout_cellular_growth, gauntlet_entry_generic,
          gammafunk_ghost_hydra_chop, pdpol_lair_cabin_in_the_woods
Lair:2:   mu_elephants_graveyard, layout_regular_city, elwin_shoals_entry_rooms
Lair:3:   layout_regular_city, nicolae_spider_entry_orb_guardian,
          gammafunk_ghost_ooze, uniq_amaemon
Lair:4:   layout_gridlike, slime_entry_1, grunt_megastairs_5
Lair:5:   wormcave, layout_small_grid, hangedman_lair_tendril_chambers,
          dreamdust_mushroom_princess
Shoals:1: layout_shoals
Shoals:2: layout_shoals, uniq_ilsuiw, uniq_aizul, uniq_jorgrun
Orc:1:    layout_caves, serial_shops, shop_statue, roderic_batcave,
          mines2_lemuel
Orc:2:    st_orc_ogre_mass, layout_diamond_mine

Skill      XL: |  1  2  3  4  5  6  7  8  9 10 11 12 13 14 15 |
---------------+----------------------------------------------+-----
Dodging        | 2 3 4 5 7 9 10 | 10.0
Unarmed Combat | 3 4 5 6 7 8 9 10 12 | 12.6
Shapeshifting  | 3 4 5 6 8 9 10 11 12 | 12.7
Fighting       | 2 3 4 5 6 7 8 10 | 10.0
Armour         | 1 2 3 4 6 8 10 12 | 12.0
Shields        | 1 3 4 5 |  5.0
Evocations     | 1 3 5 6 8 10 | 10.0

Action                     |  1- 3 |  4- 6 |  7- 9 | 10-12 | 13-15 || total
---------------------------+-------+-------+-------+-------+-------++-------
  Melee: Unarmed           |   124 |   250 |   413 |   884 |  1026 ||  2697
         Punch             |     4 |    12 |    12 |       |    34 ||    62
         Touch             |       |    10 |    29 |   107 |   193 ||   339
 Invoke: Serpent's Lash    |       |       |       |       |     1 ||     1
         Heavenly Storm    |       |       |       |       |     1 ||     1
Ability: Begin Untransform |     1 |     1 |       |       |     1 ||     3
         Lunge             |       |       |       |    29 |    68 ||    97
         Whirlwind         |       |       |       |   116 |   161 ||   277
         Wall Jump         |       |       |       |     1 |     2 ||     3
  Evoke: Wand              |       |       |       |    11 |       ||    11
    Use: Scroll            |       |     3 |     7 |     3 |     9 ||    22
         Potion            |       |     3 |     3 |     1 |     9 ||    16
   Stab: Sleeping          |     1 |       |       |     1 |       ||     2
 Armour: Animal skin       |    44 |    36 |       |       |       ||    80
         Leather armour    |       |    83 |    62 |       |       ||   145
         Scale mail        |       |       |   115 |       |       ||   115
         Skin              |       |       |     3 |   152 |   238 ||   393
         Steam dragon scal |       |       |    21 |   187 |       ||   208
         Chain mail        |       |       |       |       |   248 ||   248
  Dodge: Dodged            |    81 |   141 |   144 |   397 |   493 ||  1256
  Block: Other             |    20 |    38 |    22 |    93 |   277 ||   450
         Buckler           |       |       |   154 |   332 |     1 ||   487
         Reflection        |       |       |     4 |     3 |    14 ||    21
   Form: Beast             |       |     1 |       |       |       ||     1
         Flux              |       |       |       |     1 |     2 ||     3
         Blade             |       |       |       |       |     2 ||     2

Table legend: (Time is in decaauts)
 A = Elapsed time spent in this place.
 B = Non-inter-level travel time spent in this place.
 C = Inter-level travel time spent in this place.
 D = Time resting spent in this place.
 E = Time spent auto-exploring this place.
 F = Levels seen in this place.
 G = Mean time per level.
                   A        B        C        D        E       F      G
               +--------+--------+--------+--------+--------+-----+--------+
         Total |  25013 |  23262 |   1751 |   6207 |   9804 |  20 | 1250.7 |
       Dungeon |  11345 |  10223 |   1122 |   2177 |   4992 |  10 | 1134.5 |
        Temple |     15 |     15 |      0 |      0 |      0 |   1 |   15.0 |
          Lair |   9515 |   9035 |    480 |   2604 |   3926 |   5 | 1903.0 |
        Shoals |   1740 |   1740 |      0 |    491 |    207 |   2 |  870.0 |
  Orcish Mines |   2396 |   2248 |    148 |    935 |    678 |   2 | 1198.0 |
               +--------+--------+--------+--------+--------+-----+--------+

Top non-repeatable levels by time:
  Lair:5: 2740 daAuts
  Lair:2: 2491 daAuts
     D:6: 2085 daAuts
     D:9: 1846 daAuts
  Lair:4: 1794 daAuts
  Lair:1: 1524 daAuts
   Orc:2: 1510 daAuts
     D:5: 1442 daAuts
     D:7: 1402 daAuts
     D:4: 1040 daAuts
Shoals:1: 1028 daAuts
  Lair:3: 964 daAuts
     D:1: 932 daAuts
   Orc:1: 886 daAuts
     D:2: 840 daAuts
